 Dungeon Crawl Stone Soup version 0.28-a0-1616-g050a50673c (webtiles) character file.

Game seed: 5081809234783313498

56 porpoise the Sneak (level 3, -3/29 HPs)
             Began as a Demonspawn Delver on Jan 23, 2022.
             Slain by a bullfrog skeleton (6 damage)
             ... on level 4 of the Dungeon.
             The game lasted 00:03:01 (817 turns).

porpoise the Sneak (Demonspawn Delver)               Turns: 817, Time: 00:03:01

Health: -3/29      AC:  3    Str: 14    XL:     3   Next: 71%
Magic:  3/3        EV: 11    Int: 11    God:
Gold:   0          SH:  0    Dex: 14    Spells: 2/2 levels left

rFire   . . .      SeeInvis .   a - +0 mace
rCold   . . .      Faith    .   (no shield)
rNeg    . . .      Spirit   .   l - +0 leather armour
rPois   .          Reflect  .   (helmet restricted)
rElec   .          Harm     .   (no cloak)
rCorr   .          Rampage  .   (no gloves)
Will    .....                   (no boots)
Stlth   +++.......              (no amulet)
HPRegen 0.09/turn               (no ring)
MPRegen 0.08/turn               (no ring)

@: no status effects
A: horns 1
a: no special abilities


You were on level 4 of the Dungeon.
You visited 1 branch of the dungeon, and saw 2 of its levels.

Inventory:

Hand Weapons
 a - a +0 mace (weapon)
 b - a +0 fustibalus
Missiles
 h - 24 arrows
 n - a throwing net (quivered)
Armour
 l - a +0 leather armour (worn)
Wands
 g - a wand of digging (3)
Scrolls
 c - a scroll of fog
 d - a scroll of magic mapping
 e - a scroll of fear
 j - a scroll of enchant weapon {unknown}
 m - a scroll of identify {unknown}
Potions
 f - a potion of haste
 i - a potion of ambrosia {unknown}
 k - a potion of curing {unknown}


   Skills:
 + Level 3.6 Fighting
 + Level 2.5 Maces & Flails
 - Level 1.7 Dodging
 + Level 5.0 Stealth


You had 2 spell levels left.
You didn't know any spells.
Your spell library was empty.

Dungeon Overview and Level Annotations

Branches:
Dungeon (5/15)
 Temple: D:4-7

Altars:

Annotations:
D:5 exclusion: centaur


Innate Abilities, Weirdness & Mutations

You have a pair of small horns on your head.


Message History

The hobgoblin is moderately wounded.
The hobgoblin hits you but does no damage.
You hit the hobgoblin.
The hobgoblin is almost dead.
The hobgoblin misses you. The hobgoblin barely misses you.
You hit the hobgoblin.
You kill the hobgoblin!
A bullfrog skeleton comes into view.
The bullfrog skeleton hits you.
You barely miss the bullfrog skeleton. You headbutt the bullfrog skeleton!
The bullfrog skeleton is moderately damaged.
The bullfrog skeleton barely misses you.
The bullfrog skeleton hits you but does no damage.
You hit the bullfrog skeleton.
The bullfrog skeleton is moderately damaged.
The bullfrog skeleton hits you. x2
You hit the bullfrog skeleton.
The bullfrog skeleton is moderately damaged.
The bullfrog skeleton hits you.
You hit the bullfrog skeleton.
The bullfrog skeleton is heavily damaged.
The bullfrog skeleton completely misses you.
The bullfrog skeleton hits you.
You barely miss the bullfrog skeleton.
The bullfrog skeleton is heavily damaged.
The bullfrog skeleton barely misses you.
The bullfrog skeleton hits you.
You thump the bullfrog skeleton!
The bullfrog skeleton is severely damaged.
The bullfrog skeleton hits you.
* * * LOW HITPOINT WARNING * * *
You hit the bullfrog skeleton.
The bullfrog skeleton is severely damaged.
The bullfrog skeleton hits you.
* * * LOW HITPOINT WARNING * * *
The bullfrog skeleton hits you but does no damage.
You hit the bullfrog skeleton but do no damage.
The bullfrog skeleton is severely damaged.
The bullfrog skeleton hits you.
You die...

##.##...### #.
........).# ..
..##...#.# #. ##.##..
#. #.#### #. #.# # #.
##.## #
#.#.############...###
#...Z@................
###.############...###
#. ##.## # #. #.# # #.
###.# # #Z #...# # #.
#.#.#### #. #.......
##.#####


You could see a bullfrog skeleton.

Vanquished Creatures
  A water moccasin skeleton (D:4)
  A worm (D:5)
  An orc (D:5)
  2 goblins (D:4)
  A hobgoblin (D:4)
6 creatures vanquished.

Notes
Turn   | Place    | Note
-------+----------+-------------------------------------------
     0 | D:5      | porpoise the Demonspawn Delver began the quest for the Orb.
     0 | D:5      | Reached XP level 1. HP: 18/18 MP: 1/1
    81 | D:5      | Noticed a centaur
   523 | D:4      | Discovered your monstrous ancestry.
   523 | D:4      | Gained mutation: You have a pair of small horns on your
                  | head. [demonic ancestry]
   523 | D:4      | Reached XP level 2. HP: 24/24 MP: 2/2
   531 | D:4      | Reached skill level 5 in Stealth
   531 | D:4      | Reached XP level 3. HP: 6/29 MP: 3/3
   817 | D:4      | Slain by a bullfrog skeleton

Illustrated notes

Levels and vault maps discovered:
D:4:      layout_loops_ring, nemelex_xobeh_ov_fountains_minmay,
          chequers_temple_overflow_statue_of_worship, uniq_menkaure
D:5:      nicolae_BIG_FREAKIN_CUBE, layout_basic, kennysheep_mini_moat,
          minmay_temple_entry_hall, hangedman_decor_slide_cut, uniq_duvessa

Skill      XL: |  1  2 |
---------------+-------+-----
Maces & Flails | 2 |  2.5
Stealth        | 5 |  5.0
Fighting       | |  3.6
Dodging        | |  1.7

Action                   || total
-------------------------++-------
Melee: Mace              ||    39
       Headbutt          ||     4
 Stab: Sleeping          ||     2
Armor: Leather armour    ||     7
Dodge: Dodged            ||    18

Table legend: (Time is in decaauts)
 A = Elapsed time spent in this place.
 B = Non-inter-level travel time spent in this place.
 C = Inter-level travel time spent in this place.
 D = Time resting spent in this place.
 E = Time spent auto-exploring this place.
 F = Levels seen in this place.
 G = Mean time per level.
                   A        B        C        D        E       F      G
               +--------+--------+--------+--------+--------+-----+--------+
         Total |    827 |    827 |      0 |    574 |     35 |   2 |  413.5 |
       Dungeon |    827 |    827 |      0 |    574 |     35 |   2 |  413.5 |
               +--------+--------+--------+--------+--------+-----+--------+

Top non-repeatable levels by time:
     D:5: 454 daAuts
     D:4: 372 daAuts
